 Dungeon Crawl Stone Soup version 0.19-a0-958-gd69d43c (webtiles) character file.

5541 HAL9000 the Transmogrifier (level 10, -5/74 HPs)
             Began as a Purple Draconian Transmuter on July 11, 2016.
             Was a High Priest of Cheibriados.
             Slain by an ogre
             ... wielding a +0 giant club
              (30 damage)
             ... on level 9 of the Dungeon.
             The game lasted 00:32:15 (8472 turns).

HAL9000 the Transmogrifier (DrTm)                   Turns: 8472, Time: 00:32:16

Health: -5/74      AC: 12    Str: 25    XL:     10   Next: 43%
Magic:  13/18      EV: 16    Int: 28    God:    Cheibriados [*****.]
Gold:   479        SH:  0    Dex: 25    Spells: 5 memorised, 2 levels left

rFire  . . .     SeeInvis .       - Unarmed
rCold  . . .     Gourm    .     (armour unavailable)
rNeg   . . .     Faith    .     (shield currently unavailable)
rPois  .         Spirit   .     w - +2 hat
rElec  .         Dismiss  .     J - +1 cloak
rCorr  +         Reflect  .     (gloves currently unavailable)
SustAt .         Harm     .     t - +0 pair of boots
MR     +....                    g - amulet of regeneration
Stlth  +++.......               R - ring of resist corrosion
                                o - ring of stealth

@: blade hands (expiring), very slow, somewhat resistant to hostile
enchantments, fairly stealthy
A: breathe power, unfitting armour, clumsy 1, cold-blooded, AC +7
a: Breathe Dispelling Energy, End Transformation, Bend Time, Temporal
Distortion, Slouch, Step From Time, Renounce Religion


You were on level 9 of the Dungeon.
You worshipped Cheibriados.
Cheibriados was extremely pleased with you.
You were hungry.
You had blades for hands.
You visited 2 branches of the dungeon, and saw 10 of its levels.
You also visited: Bailey.

You collected 479 gold pieces.

Inventory:

Missiles
 a - 99 arrows
 h - a throwing net (quivered)
 D - 3 javelins
Armour
 t - a +0 pair of boots (worn)
 w - a +2 hat (worn)
 J - a +1 cloak (worn)
 Q - a +2 pair of gloves (melded)
Jewellery
 g - an amulet of regeneration (around neck)
 o - a ring of stealth (left scythe-like blade)
 R - a ring of resist corrosion (right scythe-like blade)
 S - an uncursed amulet of magic regeneration
Wands
 V - a wand of confusion (19/48)
Scrolls
 i - 4 scrolls of remove curse
 j - a scroll of fog
 m - 2 scrolls of enchant weapon
 v - a scroll of magic mapping
 X - a scroll of fear
Potions
 e - 3 potions of invisibility
 f - a potion of mutation {unknown}
 k - a potion of lignification {unknown}
 l - a potion of ambrosia {unknown}
 p - 2 potions of brilliance
 r - 2 potions of agility
 s - a potion of flight {unknown}
 u - a potion of berserk rage {unknown}
 F - 4 potions of might
 N - a potion of magic
Books
 b - a book of Changes

   Spells                             Type                      Level
   a - Beastly Appendage              Transmutation                1
   b - Sticks to Snakes               Transmutation                2
   c - Spider Form                    Transmutation/Poison         3
   d - Ice Form                       Ice/Transmutation            4
   e - Blade Hands                    Transmutation                5
 P - a book of the Dragon

   Spells                             Type                      Level
   a - Flame Tongue                   Conjuration/Fire             1
   b - Cause Fear                     Hexes                        4
   c - Bolt of Fire                   Conjuration/Fire             6
   d - Dragon Form                    Transmutation                7
   e - Dragon's Call                  Summoning                    9
 Y - the Disquisition on Damaging Clay
   (You acquired it on level 8 of the Dungeon)

   Spells                             Type                      Level
   a - Passwall                       Transmutation/Earth          2
   b - Bolt of Magma                  Conjuration/Fire/Earth       5
   c - Lightning Bolt                 Conjuration/Air              5
   d - Poisonous Cloud                Conjuration/Poison/Air       6
Comestibles
 c - 8 bread rations
 d - 7 meat rations
 L - 3 fruits
 O - a beef jerky
 W - a royal jelly
 Z - 10 slices of pizza


   Skills:
 - Level 2.5 Fighting
 - Level 4.5 Dodging
 + Level 9.3 Unarmed Combat
 + Level 5.7 Spellcasting
 * Level 11.0 Transmutations


You had 2 spell levels left.
You knew the following spells:

 Your Spells              Type           Power        Failure   Level  Hunger
a - Beastly Appendage     Tmut           ######       8%          1    None
b - Sticks to Snakes      Tmut           ######..     8%          2    None
c - Spider Form           Tmut/Pois      #####.....   21%         3    None
d - Blade Hands           Tmut           ######....   21%         5    #####..
e - Dragon Form           Tmut           ######....   96%         7    #######


Dungeon Overview and Level Annotations

Branches:
Dungeon (9/15)             Temple (1/1) D:4             Orc (0/2) D:9
   Lair: D:8-11

Altars:
Ashenzari
Cheibriados
Dithmenos
Elyvilon
Fedhas
Gozag
Hepliaklqana
Kikubaaqudgha
Makhleb
Nemelex Xobeh
Okawaru
Pakellas
Qazlal
Ru
Sif Muna
Trog
Uskayaw
Vehumet
Xom
Yredelemnul
The Shining One

Shops:
D:6 }   D:7 [


Innate Abilities, Weirdness & Mutations

You can breathe bolts of dispelling energy.
Your rich purple scales are hard. (AC +7)
Your body does not fit into most forms of armour.
You are cold-blooded and may be slowed by cold attacks.
You are clumsy. (Dex -2)


Message History

The wyvern zombie bites you but does no damage.
Casting: Blade Hands
Confirm with . or Enter, or press ? or * to list all spells.
Your hands turn into razor-sharp scythe blades.
Your +2 pair of gloves melds into your body.
You are feeling hungry.
Your transformation is almost over.
The shadow imp gestures at you. Pain shoots through your body!
The wyvern zombie misses you. The ogre hits you with a giant club!!
* * * LOW HITPOINT WARNING * * *
You hit the ogre.
The ogre is moderately wounded.
The wyvern zombie misses you. The shadow imp barely misses you.
Unknown command.
Okay, then.
Okay, then.
You feel much better. The wyvern zombie bites you.
The ogre hits you with a giant club!!
You die...

##... ..(# #....
...# #....#...#
#........ ≈≈..#
#.......## #≈..#
#........# #≈..#
#...ZO5.## ##≈..#
#.@...# #.≈..#
#.>..## #.≈..#
##...#
#.≈..#######.(.##.#
#.≈..........>....#
#.≈.########.######
#.)).........#
#.≈.########## #
##≈(#


You could see an ogre, a shadow imp and a wyvern zombie.

Vanquished Creatures
  An orc knight (Bailey)
  The ghost of Jano the Magician, a novice DENe of Vehumet (D:7)
  The ghost of tstbtto the Carver, a novice MiFi (D:6)
  A hippogriff (D:7)
  A human (D:8)
  A hungry ghost (D:7)
  Menkaure (D:6)
  A water moccasin (D:7)
  Duvessa (D:7)
  Purgy (D:2)
  An ice beast (D:8)
  6 orc warriors
  A black bear (D:8)
  A sky beast (D:5)
  5 ogres
  2 centaurs
  A big kobold (D:7)
  A giant frog (D:7)
  Dowan (D:7)
  A scorpion (D:5)
  4 killer bees (D:8)
  3 howler monkeys
  2 electric eels (D:8)
  6 crimson imps
  4 hounds
  3 orc priests
  Crazy Yiuf (D:4)
  A giant frog skeleton (D:8)
  An iguana (D:9)
  6 orc wizards
  5 worker ants
  A hound zombie (D:5)
  2 hound skeletons (D:4)
  Robin (D:3)
  9 gnolls
  8 adders
  2 shadow imps
  An ooze (D:6)
  An adder skeleton (D:7)
  3 worms
  A dart slug (D:3)
  7 giant geckos
  47 orcs
  6 bats
  8 giant cockroaches
  16 goblins
  17 hobgoblins
  5 jackals
  2 quokkas
  A ball python skeleton (D:4)
  8 giant newts
  20 kobolds
  A quokka zombie (D:7)
  6 rats
239 creatures vanquished.

Vanquished Creatures (collateral kills)
  The ghost of tstbtto the Carver, a novice MiFi of Okawaru (D:5)
  An ogre (D:5)
  2 orc wizards
  Terence (D:3)
  A worker ant (D:5)
  A giant gecko (D:5)
  2 orcs (D:4)
  2 goblins
  A rat (D:2)
12 creatures vanquished.

Vanquished Creatures (others)
  A hydra (D:3)
  A jackal (D:8)
  A rat (D:2)
  A plant (D:1)
4 creatures vanquished.

Grand Total: 255 creatures vanquished

Notes
Turn   | Place    | Note
-------+----------+-------------------------------------------
     0 | D:1      | HAL9000 the Draconian Transmuter began the quest for the Orb.
     0 | D:1      | Reached XP level 1. HP: 16/16 MP: 3/3
   179 | D:1      | Reached XP level 2. HP: 19/23 MP: 3/5
   186 | D:1      | Learned a level 2 spell: Sticks to Snakes
   819 | D:2      | Reached XP level 3. HP: 29/29 MP: 4/6
   835 | D:2      | Learned a level 3 spell: Spider Form
   836 | D:2      | Found a glowing golden altar of the Shining One.
   845 | D:2      | Reached skill level 3 in Transmutations
   980 | D:2      | Found a hide-covered altar of Uskayaw.
  1084 | D:2      | Found a hazy altar of Hepliaklqana.
  1276 | D:2      | You fall through a shaft for 2 floors!
  1293 | D:4      | Reached XP level 4. HP: 32/36 MP: 7/7
  1370 | D:4      | Found a runed door.
  1658 | D:3      | Noticed Purgy
  1767 | D:2      | Found a faded altar of an unknown god.
  1810 | D:2      | Reached skill level 4 in Transmutations
  2116 | D:2      | Killed Purgy
  2116 | D:2      | Reached XP level 5. HP: 13/42 MP: 5/8
  2239 | D:3      | Noticed Robin
  2264 | D:3      | Killed Robin
  2264 | D:3      | Reached skill level 5 in Transmutations
  2511 | D:3      | Reached XP level 6. HP: 41/50 MP: 7/9
  2621 | D:3      | Found an oddly glowing altar of Pakellas.
  2622 | D:3      | Noticed a five-headed hydra
  2635 | D:3      | Killed a five-headed hydra
  2897 | D:3      | Noticed Terence
  2913 | D:3      | Killed Terence
  3155 | D:4      | Found a staircase to the Ecumenical Temple.
  3161 | Temple   | Entered the Ecumenical Temple
  3243 | Temple   | Became a worshipper of Cheibriados the Contemplative
  3357 | D:4      | Reached skill level 5 in Unarmed Combat
  3357 | D:4      | Your scales start taking on a rich purple colour.
  3357 | D:4      | Reached XP level 7. HP: 43/56 MP: 0/10
  3946 | D:4      | Noticed Crazy Yiuf
  3954 | D:4      | Killed Crazy Yiuf
  3954 | D:4      | Reached skill level 6 in Transmutations
  4003 | D:5      | Entered Level 5 of the Dungeon
  4024 | D:5      | Found a blossoming altar of Fedhas.
  4031 | D:5      | Noticed tstbtto's ghost (novice MiFi)
  4034 | D:5      | Reached * piety under Cheibriados
  4068 | D:5      | Killed tstbtto's ghost
  4175 | D:5      | Reached XP level 8. HP: 41/62 MP: 7/11
  4256 | D:5      | Reached skill level 7 in Transmutations
  4277 | D:5      | Found an ancient bone altar of Kikubaaqudgha.
  4358 | D:5      | Reached ** piety under Cheibriados
  4496 | D:5      | Learned a level 5 spell: Blade Hands
  4605 | D:5      | Found an opulent altar of Gozag.
  4680 | D:6      | Noticed tstbtto's ghost (novice MiFi)
  4757 | D:5      | Gained mutation: You are clumsy. (Dex -2) [miscasting Blade Hands]
  4820 | D:6      | Killed tstbtto's ghost
  4827 | D:6      | Noticed Menkaure
  4835 | D:6      | Killed Menkaure
  4835 | D:6      | Reached skill level 8 in Transmutations
  5007 | D:6      | Found Runlaedd's Gadget Boutique.
  5352 | D:6      | Reached XP level 9. HP: 68/68 MP: 8/12
  5801 | D:7      | Noticed Jano's ghost (novice DENe)
  5816 | D:7      | Killed Jano's ghost
  5894 | D:7      | Reached *** piety under Cheibriados
  5894 | D:7      | Reached skill level 9 in Transmutations
  5929 | D:7      | Noticed Duvessa
  5931 | D:7      | Noticed Dowan
  5938 | D:7      | Killed Duvessa
  5944 | D:7      | Killed Dowan
  6403 | D:7      | Found a sparkling altar of Nemelex Xobeh.
  6421 | D:7      | HP: 2/68 [something (7)]
  6745 | D:7      | Found Urries's Armour Boutique.
  6757 | D:7      | Found a sacrificial altar of Ru.
  6761 | D:7      | Found an iron altar of Okawaru.
  7223 | D:8      | Found a deep blue altar of Sif Muna.
  7274 | D:8      | Reached skill level 10 in Transmutations
  7282 | D:8      | Reached **** piety under Cheibriados
  7816 | D:8      | Reached XP level 10. HP: 74/74 MP: 17/17
  8087 | D:8      | Reached skill level 5 in Spellcasting
  8095 | D:8      | Identified a scroll of acquirement
  8096 | D:8      | Identified the Disquisition on Damaging Clay (You acquired it on level 8 of the Dungeon)
  8198 | D:9      | Reached ***** piety under Cheibriados
  8212 | D:9      | Found a flagged portal.
  8243 | Bailey   | Entered a bailey
  8255 | Bailey   | Noticed an orc knight
  8266 | Bailey   | Killed an orc knight
  8418 | D:9      | Learned a level 7 spell: Dragon Form
  8455 | D:9      | Found a staircase to the Orcish Mines.
  8469 | D:9      | Reached skill level 11 in Transmutations
  8470 | D:9      | HP: 1/74 [ogre/giant club (22)]
  8472 | D:9      | Slain by an ogre

Vault maps used:
D:1:      onia_arrival_pentagram, serial_forest, infiniplex_forest_straight_2,
          infiniplex_forest_end_1, infiniplex_forest_clump_tiny,
          infiniplex_forest_clump_diagonal, infiniplex_forest_clump_cross,
          infiniplex_forest_zigzag_2
D:2:      lemuel_coloured_pillars_altar, lemuel_doored_altar,
          eat_drink_and_be_merry_uskayaw, first_bread, ecumenical_altar_2,
          lemuel_old_faithful
D:3:      gammafunk_pakellas_spire_experiment, uniq_purgy, uniq_robin,
          uniq_terence
D:4:      uniq_crazy_yiuf_cottage
D:5:      fedhas_altar_1, kiku_gazebo_pond_becter, grunt_gozag_breadcrumbs,
          corexii_item_surrounded_by_moat
D:6:      serial_shops, shop, moated_statue, uniq_menkaure
D:7:      kennysheep_mini, grunt_temple_overflow_open, serial_shops,
          nicolae_shop_stone, uniq_duvessa
D:8:      lemuel_round_altar, grunt_pizzeria, hangedman_decor_lopped,
          kennysheep_generic_room_2
D:9:      lemuel_round_altar, orc_0_dummy, serial_shops, shop,
          lightli_bailey_entry_fortress
Temple:   eino_wide_crystal_templ
Bailey:   bailey_axe_1, bailey

Skill      XL: |  1  2  3  4  5  6  7  8  9 10 |
---------------+-------------------------------+-----
Transmutations | 3 4 5 6 8 10 11 | 11.0
Fighting       | 2 |  2.5
Unarmed Combat | 4 5 6 7 8 9 |  9.3
Dodging        | 2 3 4 |  4.5
Spellcasting   | 4 5 |  5.7

Action                   |  1- 3 |  4- 6 |  7- 9 | 10-12 || total
-------------------------+-------+-------+-------+-------++-------
Melee: Unarmed           |   185 |   235 |   371 |   118 ||   909
       Tailslap          |    28 |    17 |    43 |    16 ||   104
       Kick              |    19 |     9 |       |       ||    28
       Punch             |     2 |     2 |    17 |     9 ||    30
       Headbutt          |     5 |    11 |     3 |       ||    19
Throw: Throwing net      |     1 |       |       |       ||     1
 Cast: Beastly Appendage |    27 |    18 |     3 |       ||    48
       Sticks to Snakes  |     1 |    10 |    16 |       ||    27
       Spider Form       |       |     8 |    11 |       ||    19
       Blade Hands       |       |       |    14 |     6 ||    20
 Abil: Breathe Dispellin |       |       |     3 |     1 ||     4
  Use: Scroll            |       |     2 |    13 |     6 ||    21
       Potion            |       |       |     1 |     2 ||     3
 Stab: Sleeping          |     3 |     2 |     5 |     1 ||    11
       Distracted        |       |       |     4 |     1 ||     5
  Eat: Chunk             |     3 |     8 |    15 |     3 ||    29
       Fruit             |       |       |     3 |       ||     3
       Beef jerky        |       |       |     1 |       ||     1
Armor: Skin              |    48 |    72 |   191 |    56 ||   367
Dodge: Dodged            |    91 |   171 |   269 |   200 ||   731
